 Dungeon Crawl Stone Soup version 0.17.0-57-g0e89251 (webtiles) character file.

17478 Clownie the Tortoise (level 12, 0/91 HPs)
             Began as a Formicid Fighter on Dec 7, 2015.
             Was a Believer of the Shining One.
             Slain by a komodo dragon (20 damage)
             ... on level 4 of the Lair of Beasts.
             The game lasted 00:18:32 (12055 turns).

Clownie the Tortoise (Formicid Fighter)            Turns: 12055, Time: 00:18:32

Health: 0/91       AC: 15    Str: 32    XL:     12   Next: 83%
Magic:  17/17      EV:  9    Int:  9    God:    the Shining One [**....]
Gold:   738        SH: 12    Dex: 10    Spells: 0 memorised, 11 levels left

rFire  + + .     SeeInvis +     w - +6 flail of Drought {crush, rF+ rC+ MR+}
rCold  + . .     Clarity  .     z - +1 chain mail {rF+}
rNeg   + . .     SustAt   .     c - +0 shield
rPois  .         Gourm    .     (helmet unavailable)
rElec  .         Spirit   .     l - +0 cloak
rCorr  .         Warding  .     d - +0 pair of gloves
rMut   .         Stasis   +     r - +0 pair of boots
MR     ++...                    (no amulet)
Stlth  ..........               G - +2 ring of dexterity
                                (no ring)

@: mighty, glowing, very resistant to hostile enchantments, extremely unstealthy
A: permanent stasis, dig shafts and tunnels, four strong arms, antennae 3,
clumsy 1, deformed body, strong 1
a: Dig, Shaft Self, Divine Shield, Renounce Religion


You were on level 4 of the Lair of Beasts.
You worshipped the Shining One.
The Shining One was pleased with you.
You were very full.

You visited 3 branches of the dungeon, and saw 15 of its levels.
You also visited: Volcano.

You collected 738 gold pieces.

Inventory:

Hand Weapons
 w - the +6 flail of Drought (weapon) {crush, rF+ rC+ MR+}
   (You found it on level 5 of the Dungeon)

   It inflicts extra damage upon your enemies.
   It protects you from fire.
   It protects you from cold.
   It affects your resistance to hostile enchantments.
 D - a +2 arbalest of flaming
Armour
 c - a +0 shield (worn)
 d - a +0 pair of gloves (worn)
 l - a +0 cloak (worn)
 r - a +0 pair of boots (worn)
 z - a +1 chain mail of fire resistance (worn)
Jewellery
 A - an uncursed ring of poison resistance {unknown}
 G - a +2 ring of dexterity (right hand)
Wands
 a - a wand of slowing (14)
 i - a wand of slowing (25)
 C - a wand of cold (0)
 E - a wand of confusion (36)
Scrolls
 f - 4 scrolls of remove curse
 h - 4 scrolls of random uselessness {unknown}
 m - a scroll of immolation
 p - 4 scrolls of magic mapping
 s - 3 scrolls of fog {unknown}
 t - 3 scrolls of enchant armour {unknown}
 x - a scroll of noise {unknown}
 y - 4 scrolls of fear {unknown}
 B - 2 scrolls of teleportation {unknown}
Potions
 b - 5 potions of curing
 j - a potion of magic
 k - 7 potions of cancellation
 o - a potion of resistance
 q - a potion of flight
 u - 2 potions of ambrosia {unknown}
 v - 2 potions of might
 H - 2 potions of heal wounds
Books
 g - a book of Clouds

   Spells                             Type                      Level
   a - Mephitic Cloud                 Conjuration/Poison/Air       3
   b - Conjure Flame                  Conjuration/Fire             3
   c - Poisonous Cloud                Conjuration/Poison/Air       6
   d - Freezing Cloud                 Conjuration/Ice/Air          6
   e - Ring of Flames                 Charms/Fire                  7
Comestibles
 e - 9 bread rations
 n - 4 meat rations


   Skills:
 - Level 7.1 Fighting
   Level 3.4(6.6) Axes
 - Level 8.9(9.2) Maces & Flails
 - Level 15.0 Armour
 - Level 9.1 Shields
 + Level 7.0 Evocations


You had 11 spell levels left.
You didn't know any spells.

Dungeon Overview and Level Annotations

Branches:
Dungeon (10/15)            Temple (1/1) D:4            Lair (4/8) D:9
  Swamp: Lair:3-6    Shoals: Lair:3-6     Snake: Lair:3-6    Spider: Lair:3-6
    Orc: D:9-12

Altars:
Ashenzari
Cheibriados
Dithmenos
Elyvilon
Fedhas
Gozag
Kikubaaqudgha
Makhleb
Nemelex Xobeh
Okawaru
Qazlal
Ru
Sif Muna
Trog
Vehumet
Xom
Yredelemnul
Zin
The Shining One

Shops:
D:4 *


Innate Abilities, Weirdness & Mutations

You are under a permanent stasis effect.
You can dig through walls and to a lower floor.
Your four strong arms can wield two-handed weapons with a shield.
You have a pair of large antennae on your head (SInv).
You are clumsy. (Dex -2)
Armour fits poorly on your strangely shaped body.
Your muscles are strong. (Str +2)


Message History

Evoke which item? (* to show all) (? for menu, Esc to quit)
Zapping:
E - a wand of confusion (will waste charges)
Press: ? - help, Shift-Dir - straight line, f - komodo dragon
Aim: a komodo dragon (almost dead, haloed, chance to defeat MR: 43%)
Okay, then.
Evoke which item? (* to show all) (? for menu, Esc to quit)
Zapping:
C - a wand of cold {zapped: 11} (will waste charges)
Press: ? - help, Shift-Dir - straight line, f - komodo dragon
Aim: a komodo dragon (almost dead, haloed) Nothing appears to happen.
The komodo dragon bites you!
* * * LOW HITPOINT WARNING * * *
Drink which item? (? for menu, Esc to quit)
Okay, then.
Drink which item? (? for menu, Esc to quit)
Okay, then.
Evoke which item? (* to show all) (? for menu, Esc to quit)
Okay, then.
Drink which item? (? for menu, Esc to quit)
You feel better. The komodo dragon bites you!!
You die...

.........................
.......#.###.............
......#.# #.#............
...#...# ####PP.........
.... ####.....## ...
#.#.P...# . ##.....##.#
#.##...# . ###@...#
#l...## .......#
#......## #..###..# ##.
#### #


You could see a komodo dragon.

Vanquished Creatures
  Gastronok (Lair:1)
  The ghost of DeXoteric the Earth Mage, a journeyman GrEE of Vehumet (Lair:4)
  A hydra (Lair:3)
  The ghost of Wabnappa the Destroyer, a novice DsFE of Vehumet (D:9)
  A griffon (Lair:4)
  A cyclops (D:8)
  3 toenail golems (Volcano)
  A black mamba (Lair:3)
  A centaur skeleton (D:10)
  3 spiny frogs
  A fire drake (Lair:3)
  4 blink frogs (Lair:4)
  Sigmund (D:6)
  9 yaks
  6 humans (Volcano)
  4 hippogriffs
  3 wyverns
  5 wolves (Lair:3)
  A hungry ghost (D:8)
  Edmund (D:4)
  5 water moccasins
  2 orc warriors
  2 black bears
  An ice beast (D:8)
  8 porcupines
  A wasp (D:9)
  2 phantoms
  2 ogres
  The ghost of Clownie the Shield-Bearer, an amateur FoFi (D:3)
  4 centaurs
  5 crocodiles
  2 scorpions
  A wyvern skeleton (D:6)
  5 giant frogs
  4 killer bees (D:8)
  5 crimson imps
  2 giant frog zombies (D:5)
  6 orc wizards
  2 giant frog skeletons
  Crazy Yiuf (D:7)
  4 jellies
  3 orc priests
  4 hounds
  4 iguanas
  4 worker ants
  10 sheep
  Robin (D:3)
  2 worker ant zombies
  8 adders
  9 river rats
  A shadow imp (D:9)
  An ooze (D:5)
  An adder skeleton (D:4)
  An adder zombie (D:6)
  2 worms
  5 giant geckos
  32 orcs
  7 giant cockroaches
  24 goblins
  12 hobgoblins
  6 quokkas
  4 ball pythons
  7 bats
  A giant cockroach zombie (D:6)
  A giant gecko skeleton (D:6)
  A giant gecko zombie (D:5)
  3 giant newts
  12 jackals
  A jackal zombie (D:5)
  8 kobolds
  A quokka zombie (D:5)
  10 rats
300 creatures vanquished.

Vanquished Creatures (collateral kills)
  Sonja (D:10)
  A crimson imp (D:10)
2 creatures vanquished.

Grand Total: 302 creatures vanquished

Notes
Turn   | Place    | Note
--------------------------------------------------------------
     0 | D:1      | Clownie the Formicid Fighter began the quest for the Orb.
     0 | D:1      | Reached XP level 1. HP: 18/18 MP: 1/1
   105 | D:1      | Reached skill level 4 in Shields
   105 | D:1      | Reached XP level 2. HP: 12/24 MP: 2/2
   322 | D:1      | Reached XP level 3. HP: 27/29 MP: 3/3
   767 | D:2      | Reached XP level 4. HP: 33/37 MP: 4/4
  1287 | D:3      | Noticed Robin
  1310 | D:3      | Reached skill level 5 in Shields
  1311 | D:3      | Killed Robin
  1311 | D:3      | Reached XP level 5. HP: 7/42 MP: 5/5
  1314 | D:3      | Reached skill level 6 in Shields
  1452 | D:3      | Noticed Clownie's ghost (amateur FoFi)
  1658 | D:3      | Killed Clownie's ghost
  1658 | D:3      | Reached skill level 7 in Shields
  1658 | D:3      | Reached XP level 6. HP: 17/48 MP: 6/6
  2295 | D:4      | Found Doovvema's Desiderata Depot.
  2369 | D:4      | Reached XP level 7. HP: 48/54 MP: 7/7
  2412 | D:4      | Reached skill level 8 in Shields
  2415 | D:4      | Found a glowing silver altar of Zin.
  2415 | D:4      | Found a shimmering altar of Xom.
  2415 | D:4      | Noticed an angel
  2420 | D:4      | Noticed Edmund
  2443 | D:4      | Killed Edmund
  2552 | D:4      | Found a staircase to the Ecumenical Temple.
  2741 | D:4      | Reached skill level 9 in Shields
  2986 | D:5      | Entered Level 5 of the Dungeon
  3052 | D:5      | Got a jewelled flail
  3053 | D:5      | Identified the +6 flail of Drought {crush, rF+ rC+ MR+} (You found it on level 5 of the Dungeon)
  3074 | D:5      | Reached XP level 8. HP: 54/60 MP: 8/8
  3177 | D:5      | Found a stormy altar of Qazlal.
  3663 | Temple   | Entered the Ecumenical Temple
  3909 | Temple   | Became a worshipper of the Shining One
  3977 | D:6      | Found a snail-covered altar of Cheibriados.
  4015 | D:6      | Found a radiant altar of Vehumet.
  4232 | D:6      | Reached skill level 5 in Maces & Flails
  4239 | D:6      | Noticed Sigmund
  4255 | D:6      | Killed Sigmund
  4334 | D:6      | Reached XP level 9. HP: 61/65 MP: 9/9
  5457 | D:7      | Noticed Crazy Yiuf
  5463 | D:7      | Killed Crazy Yiuf
  5586 | D:7      | Found a deep blue altar of Sif Muna.
  6082 | D:8      | Found a blossoming altar of Fedhas.
  6170 | D:8      | Reached skill level 5 in Armour
  6213 | D:8      | Noticed a cyclops
  6213 | D:8      | Reached * piety under the Shining One
  6220 | D:8      | Killed a cyclops
  6220 | D:8      | Reached XP level 10. HP: 39/71 MP: 10/10
  6866 | D:9      | Reached skill level 10 in Armour
  6901 | D:9      | Noticed Wabnappa's ghost (novice DsFE)
  6935 | D:9      | Killed Wabnappa's ghost
  7159 | D:9      | Found a staircase to the Lair.
  7269 | D:9      | Reached skill level 11 in Armour
  7476 | D:9      | Found a white marble altar of Elyvilon.
  7557 | D:10     | Entered Level 10 of the Dungeon
  7613 | D:10     | Reached XP level 11. HP: 62/77 MP: 11/11
  7825 | D:10     | Reached ** piety under the Shining One
  7955 | D:10     | Noticed Sonja
  7975 | D:10     | Killed Sonja
  7975 | D:10     | Reached skill level 12 in Armour
  8424 | Lair:1   | Entered Level 1 of the Lair of Beasts
  8586 | Lair:1   | Reached skill level 13 in Armour
  8593 | Lair:1   | Noticed Gastronok
  8610 | Lair:1   | Killed Gastronok
  9177 | Lair:2   | Reached skill level 14 in Armour
  9929 | Lair:3   | Identified a scroll of acquirement
  9998 | Lair:3   | Reached XP level 12. HP: 20/83 MP: 12/12
 10037 | Lair:3   | Noticed a six-headed hydra
 10040 | Lair:3   | Found a dark tunnel.
 10046 | Volcano  | Entered a volcano
 10292 | Volcano  | Reached skill level 15 in Armour
 10367 | Volcano  | Reached skill level 5 in Fighting
 10588 | Lair:3   | Killed a six-headed hydra
 10847 | Lair:3   | Reached skill level 1 in Evocations
 11912 | Lair:3   | Gained mutation: Your muscles are strong. (Str +2) [potion of mutation]
 11912 | Lair:3   | Gained mutation: You are clumsy. (Dex -2) [potion of mutation]
 11912 | Lair:3   | Gained mutation: Armour fits poorly on your strangely shaped body. [potion of mutation]
 11999 | Lair:4   | Reached skill level 5 in Evocations
 12000 | Lair:4   | Noticed DeXoteric's ghost (journeyman GrEE)
 12012 | Lair:4   | Killed DeXoteric's ghost
 12055 | Lair:4   | Slain by a komodo dragon

Action                   |  1- 3 |  4- 6 |  7- 9 | 10-12 || total
-------------------------+-------+-------+-------+-------++-------
Melee: War axe           |    95 |   122 |    87 |       ||   304
       Flail             |       |       |   245 |   445 ||   690
Invok: Divine Shield     |       |       |       |     1 ||     1
 Abil: Dig               |     1 |       |     6 |     1 ||     8
Evoke: Box of beasts     |       |       |       |     6 ||     6
       Wand              |       |       |       |     4 ||     4
  Use: Potion            |       |     1 |     4 |     6 ||    11
       Scroll            |       |     3 |     3 |     9 ||    15
  Eat: Chunk             |       |     5 |    14 |    12 ||    31
       Royal jelly       |       |       |       |     2 ||     2
       Beef jerky        |       |       |       |     3 ||     3
       Meat ration       |       |       |       |     2 ||     2
